 Dungeon Crawl Stone Soup version 0.13-a0-2940-gab44624 (webtiles) character file.

1057 PolkaDot the Caller (level 7, 0/44 HPs)
             Began as a Vampire Wizard on Sept 4, 2013.
             Was a Follower of Sif Muna.
             Slain by an orc warrior
             ... wielding a +2,+1 orcish halberd
              (15 damage)
             ... on Level 6 of the Dungeon.
             The game lasted 00:31:10 (5326 turns).

PolkaDot the Caller (Vampire Wizard)                Turns: 5326, Time: 00:31:11

HP   0/44        AC  3     Str  6      XL: 7   Next: 63%
MP   7/27        EV 12     Int 22      God: Sif Muna [*.....]
Gold 237         SH  0     Dex 12      Spells:  5 memorised,  1 level left

Res.Fire  : + . .   See Invis. : +   n - +1 orc dagger (speed)
Res.Cold  : x . .   Warding    : .   a - +0 robe
Life Prot.: + . .   Conserve   : .   (no shield)
Res.Poison: .       Res.Corr.  : .   b - +0 wizard hat
Res.Elec. : .       Clarity    : .   (no cloak)
Sust.Abil.: . .     Spirit.Shd : .   v - +0 pair of gauntlets
Res.Mut.  : .       Stasis     : .   (no boots)
Res.Rott. : .       Flight     : .   (no amulet)
Saprovore : . . .                    t - ring of magical power
                                     s - ring of fire

@: slightly resistant to hostile enchantments, stealthy
A: bottle blood, fangs 3, see invisible, unbreathing
a: Bat Form, Bottle Blood, Channel Energy, Renounce Religion


You were on level 6 of the Dungeon.
You worshipped Sif Muna.
Sif Muna was pleased with you.
You were not thirsty.

You visited 2 branches of the dungeon, and saw 7 of its levels.

You collected 217 gold pieces.

Inventory:

Hand weapons
 n - a +1,+1 orcish dagger of speed (weapon)
Armour
 a - a +0 robe (worn)
 b - a +0 wizard hat (worn)
 v - a +0 pair of gauntlets (worn)
Scrolls
 d - a scroll of magic mapping {unknown}
 e - 6 scrolls of remove curse {unknown}
 f - 2 scrolls of teleportation {unknown}
 g - 4 scrolls of enchant armour {unknown}
 i - 6 scrolls of identify {unknown}
 j - a scroll of recharging {unknown}
 k - 2 scrolls of enchant weapon II {unknown}
 l - 4 scrolls of amnesia {unknown}
 m - 2 scrolls of fear {unknown}
 p - 2 scrolls of random uselessness {unknown}
 q - a scroll of enchant weapon I {unknown}
 r - a scroll of immolation {unknown}
 w - a scroll of noise {unknown}
Jewellery
 s - a ring of fire (left hand)
 t - a ring of magical power (right hand)
Books
 c - a book of Minor Magic

   Spells                             Type                      Level
   *Magic Dart                        Conjuration                  1
   Blink                              Translocation                2
   *Call Imp                          Summoning                    2
   Repel Missiles                     Charms/Air                   2
   Slow                               Hexes                        2
   *Conjure Flame                     Conjuration/Fire             3
   *Mephitic Cloud                    Conjuration/Poison/Air       3
 o - a book of Callings

   Spells                             Type                      Level
   Summon Small Mammal                Summoning                    1
   *Call Imp                          Summoning                    2
   *Call Canine Familiar              Summoning                    3
   Summon Scorpions                   Summoning/Poison             4
   Summon Ice Beast                   Ice/Summoning                4
 u - a book of Control

   Spells                             Type                      Level
   Control Teleport                   Charms/Translocation         4
   Control Undead                     Necromancy                   4
   Enslavement                        Hexes                        4
   Mass Confusion                     Hexes                        6
   Metabolic Englaciation             Hexes/Ice                    6


   Skills:
 - Level 2.1 Dodging
 - Level 3.0 Stealth
 + Level 3.9 Spellcasting
 + Level 4.8 Conjurations
 * Level 5.0 Summonings
   Level 0.7 Translocations


You had one spell level left.
You knew the following spells:

 Your Spells              Type           Power        Failure   Level  Hunger
a - Magic Dart            Conj           ####         1%          1    None
d - Mephitic Cloud        Conj/Pois/Air  ##......     17%         3    ###....
s - Conjure Flame         Conj/Fire      ###.....     14%         3    ###....
x - Call Imp              Summ           ####......   1%          2    #......
z - Call Canine Familiar  Summ           ####......   4%          3    ###....


Dungeon Overview and Level Annotations

Branches:
Dungeon (6/27)             Temple (1/1) D:5
    Orc: D:6-11

Altars:
Ashenzari
Cheibriados
Elyvilon
Fedhas
Kikubaaqudgha
Makhleb
Nemelex Xobeh
Okawaru
Sif Muna
Trog
Vehumet
Xom
Yredelemnul
Zin
the Shining One


Innate Abilities, Weirdness & Mutations

You can bottle blood from corpses.
You have razor-sharp teeth.*
You have supernaturally acute eyesight.
You can survive without breathing.*


Message History

Casting: Call Imp
Confirm with . or Enter, or press ? or * to list all spells.
Your shadow imp hits the iguana.
The orc warrior closely misses you.
Casting: Call Canine Familiar
Confirm with . or Enter, or press ? or * to list all spells.
The iguana bites you!
Your shadow imp hits the iguana.
Your crimson imp hits the iguana but does no damage.
Casting: Call Canine Familiar
Confirm with . or Enter, or press ? or * to list all spells.
The orc warrior hits you from afar with an orcish halberd!
Ouch! That really hurt!
The orc priest utters an invocation to Beogh.
You feel troubled. The iguana barely misses you.
Your shadow imp hits the orc warrior but does no damage.
Your crimson imp hits the iguana.
Drink which item? (? for menu, Esc to quit)
It has a very clean taste.
It was a potion of cure mutation.
Your jackal barely misses the iguana.
The orc warrior hits you from afar with an orcish halberd!
You die...

.... ..).
.;8 ...
..8≈≈ ##..
.....
##.o##...#
#......#
#.ho...#
#55lh..#
#(5@h..#
#......#
#......+
#......#
########


You could see an orc warrior, an iguana, an orc priest, a friendly iron imp, a
friendly crimson imp, a friendly shadow imp and 3 friendly jackals.

Vanquished Creatures
  2 phantoms
  A giant frog (D:6)
  4 crimson imps (D:5)
  2 hounds
  A giant frog skeleton (D:5)
  A worker ant (D:5)
  An iguana (D:5)
  A scorpion (D:5)
  5 orc wizards
  A hound zombie (D:5)
  5 adders
  A giant mite (D:4)
  3 worms
  An ooze (D:1)
  16 orcs
  2 giant cockroaches
  5 hobgoblins
  2 quokkas (D:5)
  9 bats
  A giant gecko skeleton (D:4)
  A giant newt (D:3)
  7 goblins
  4 kobolds
  A kobold skeleton (D:4)
  11 rats
88 creatures vanquished.

Vanquished Creatures (collateral kills)
  A giant newt (D:4)
1 creature vanquished.

Vanquished Creatures (others)
  4 jackals (D:4)
4 creatures vanquished.

Grand Total: 93 creatures vanquished

Notes
Turn   | Place    | Note
--------------------------------------------------------------
     0 | D:1      | PolkaDot, the Vampire Wizard, began the quest for the Orb.
     0 | D:1      | Reached XP level 1. HP: 11/11 MP: 6/6
   127 | D:1      | Reached skill level 1 in Conjurations
   691 | D:2      | Reached XP level 2. HP: 17/17 MP: 8/8
  1218 | D:2      | Found a snail-covered altar of Cheibriados.
  1359 | D:2      | Reached XP level 3. HP: 10/22 MP: 3/10
  1600 | D:2      | Learned a level 3 spell: Conjure Flame
  1604 | D:2      | Learned a level 3 spell: Mephitic Cloud
  2273 | D:3      | Reached XP level 4. HP: 17/28 MP: 3/12
  2555 | D:4      | Noticed a phantom
  2778 | D:4      | Reached XP level 5. HP: 22/33 MP: 1/13
  2904 | D:4      | Learned a level 3 spell: Call Canine Familiar
  3216 | D:4      | Found a burning altar of Makhleb.
  3217 | D:4      | Found a bloodstained altar of Trog.
  3347 | D:4      | Killed a phantom
  3347 | D:4      | Reached skill level 4 in Conjurations
  3347 | D:4      | Reached XP level 6. HP: 20/39 MP: 4/15
  3698 | D:5      | Entered Level 5 of the Dungeon
  3813 | D:5      | Found a staircase to the Ecumenical Temple.
  3862 | Temple   | Entered the Ecumenical Temple
  4051 | Temple   | Became a worshipper of Sif Muna the Loreminder
  4405 | D:5      | Reached XP level 7. HP: 34/44 MP: 4/18
  4438 | D:5      | HP: 1/44 [orc/orcish hand axe (4)]
  4802 | D:5      | Got a ruby-encrusted leather armour
  4809 | D:5      | Identified the +0 leather armour of Vehumet's Esteem {SInv} (You found it on level 5 of the Dungeon)
  5081 | D:5      | Learned a level 2 spell: Call Imp
  5195 | D:5      | Acquired Sif Muna's first power
  5310 | D:6      | Reached skill level 5 in Summonings
  5326 | D:6      | Slain by an orc warrior

Action                   |  1- 3 |  4- 6 |  7- 9 || total
-------------------------+-------+-------+-------++-------
Melee: Unarmed           |     5 |     6 |       ||    11
       Dagger            |       |    40 |    30 ||    70
 Cast: Magic Dart        |    98 |   119 |    63 ||   280
       Conjure Flame     |     2 |    11 |     5 ||    18
       Mephitic Cloud    |     1 |     5 |     1 ||     7
       Call Canine Famil |       |     7 |     3 ||    10
       Call Imp          |       |       |     3 ||     3
  Use: Potion            |       |     6 |     3 ||     9
 Stab: Confused          |       |       |     2 ||     2
